 Dungeon Crawl Stone Soup version 0.30-a0-743-gbfdf073431 (webtiles) character file.

Game seed: 7706752789651925069

4 Monkooky the Charlatan (level 1, -1/15 HPs)
             Began as a Barachi Artificer on Feb 6, 2023.
             Slain by a ball python (2 damage)
             ... on level 1 of the Dungeon.
             The game lasted 00:00:30 (132 turns).

Monkooky the Charlatan (Barachi Artificer)           Turns: 132, Time: 00:00:31

Health: -1/15      AC:  3    Str: 13    XL:     1   Next: 60%
Magic:  1/1        EV:  8    Int: 11    God:
Gold:   9          SH:  0    Dex: 12    Spells: 0/0 levels left

rFire   . . .      SeeInvis .    f - +0 sling
rCold   . . .      Faith    .    (no shield)
rNeg    . . .      Spirit   .    b - +0 leather armour
rPois   .          Reflect  .    (no helmet)
rElec   .          Harm     .    (no cloak)
rCorr   .          Rampage  .    (no gloves)
Will    .....                    (no boots)
Stlth   +                        (no amulet)
HPRegen 0.22/turn                (no ring)
MPRegen 0.07/turn                (no ring)

@: constricted, slow
A: amphibious, slowness 1, strong legs 1, +LOS
a: Hop


You were on level 1 of the Dungeon.
You visited 1 branch of the dungeon, and saw 1 of its levels.

You collected 9 gold pieces.

Inventory:

Hand Weapons
 a - a +0 club
 f - a +0 sling (weapon)
Armour
 b - a +0 leather armour (worn)
Wands
 c - a wand of flame (15)
 d - a wand of charming (15)
 e - a wand of iceblast (5)


   Skills:
 - Level 1.2 Fighting
 + Level 1.1 Ranged Weapons
 - Level 2.4 Armour
 - Level 1.1 Dodging
 - Level 0.8 Stealth
 - Level 3.2 Evocations


You couldn't memorise any spells.
You didn't know any spells.
Your spell library was empty.

Dungeon Overview and Level Annotations

Branches:
Dungeon (1/15)

Altars:


Innate Abilities, Weirdness & Mutations

You are amphibious.
You cover ground slowly.
You can hop short distances.
You have an extended range of vision and can be seen from far away.


Message History

You see here a +0 dagger.
You see here a hobgoblin corpse.
Found a scale mail.
A bat and a ball python come into view.
There are monsters nearby!
You shoot a sling bullet.
The sling bullet barely misses the ball python.
A hobgoblin comes into view.
You shoot a sling bullet. The sling bullet barely misses the bat.
The bat hits you but does no damage.
You shoot a sling bullet.
The sling bullet closely misses the bat.
The bat barely misses you.
An endoplasm comes into view.
You shoot a sling bullet. The sling bullet misses the bat.
The bat barely misses you. The bat closely misses you.
The ball python misses you. The ball python grabs you.
The ball python constricts you. The bat hits you.
The hobgoblin hits you but does no damage.
You shoot a sling bullet.
The sling bullet closely misses the ball python.
The bat barely misses you.
The ball python bites you but does no damage.
The ball python constricts you. The endoplasm freezes you.
You are frozen.
The hobgoblin hits you but does no damage.
The ball python bites you but does no damage.
The ball python constricts you. The bat barely misses you.
You shoot a sling bullet.
The sling bullet closely misses the ball python.
The bat hits you but does no damage. The endoplasm barely misses you.
The ball python barely misses you. The ball python constricts you.
The hobgoblin hits you. x2
* * * LOW HITPOINT WARNING * * *
The endoplasm freezes you.
You are frozen.
* * * LOW HITPOINT WARNING * * *
The ball python bites you.
You die...

..♣# ########### ...#
#.......... ..##
#.######### .P#### #.#
#####.# ##
...'.###.####....###.##
...'..).†.....###.#...#.#
...'.###.###.........[...
..#### #.####.#..J.......
..# #.#....b.@#.#....


P♣P #...#####Sg.# . #### ### #.#.... #...##.# #.#.# # #.#. ..# # ... .## You
could see an endoplasm, a hobgoblin, a bat and a ball python.

Vanquished Creatures
  A hobgoblin (D:1)
  2 kobolds (D:1)
3 creatures vanquished.

Notes
Turn   | Place    | Note
-------+----------+-------------------------------------------
     0 | D:1      | Monkooky the Barachi Artificer began the quest for the Orb.
     0 | D:1      | Reached XP level 1. HP: 15/15 MP: 1/1
    75 | D:1      | Reached skill level 1 in Ranged Weapons
   132 | D:1      | Slain by a ball python

Illustrated notes

Levels and vault maps discovered:
D:1:      kennysheep_arrival_seaside, layout_loops_ring

Skill      XL: |  1 |
---------------+----+-----
Ranged Weapons | 1 |  1.1
Fighting       | |  1.2
Armour         | |  2.4
Dodging        | |  1.1
Stealth        | |  0.8
Evocations     | |  3.2

Action                     || total
---------------------------++-------
   Fire: Sling             ||    22
Ability: Hop               ||     2
 Armour: Leather armour    ||     8
  Dodge: Dodged            ||    12

Table legend: (Time is in decaauts)
 A = Elapsed time spent in this place.
 B = Non-inter-level travel time spent in this place.
 C = Inter-level travel time spent in this place.
 D = Time resting spent in this place.
 E = Time spent auto-exploring this place.
 F = Levels seen in this place.
 G = Mean time per level.
                   A        B        C        D        E       F      G
               +--------+--------+--------+--------+--------+-----+--------+
         Total |    154 |    154 |      0 |      0 |    100 |   1 |  154.0 |
       Dungeon |    154 |    154 |      0 |      0 |    100 |   1 |  154.0 |
               +--------+--------+--------+--------+--------+-----+--------+

Top non-repeatable levels by time:
     D:1: 154 daAuts
